 Dungeon Crawl Stone Soup version 0.30.1-1-g62c8e00024 (webtiles) character file.

Game seed: 13166091250862110885

12 Cirac the Trooper (level 2, -1/24 HPs)
             Began as a Demonspawn Berserker on July 14, 2023.
             Was a Follower of Trog.
             Slain by a kobold
             ... wielding a +0 dagger
              (4 damage)
             ... on level 1 of the Dungeon.
             The game lasted 00:12:24 (346 turns).

Cirac the Trooper (Demonspawn Berserker)             Turns: 346, Time: 00:12:25

Health: -1/24      AC:  2    Str: 17    XL:     2   Next: 20%
Magic:  2/2        EV: 12    Int:  8    God:    Trog [*.....]
Gold:   25         SH:  0    Dex: 12    Spells: 1/1 levels left

rFire   . . .        a - +0 mace
rCold   . . .        (no shield)
rNeg    . . .        b - +0 animal skin
rPois   .            (helmet restricted)
rElec   .            (no cloak)
rCorr   .            (no gloves)
SInv    .            (no boots)
Will    .....        (no amulet)
Stlth   +            (no ring)
HPRegen 0.24/turn    (no ring)
MPRegen 0.08/turn

%: no passive effects
@: no status effects
A: antennae 1
a: Renounce Religion, Berserk


You were on level 1 of the Dungeon.
You worshipped Trog.
Trog was aware of your devotion.
You visited 1 branch of the dungeon, and saw 1 of its levels.

You collected 25 gold pieces.

Inventory:

Hand Weapons
 a - a +0 mace (weapon)
 c - a +0 whip
Missiles
 f - a stone (quivered)
Armour
 b - a +0 animal skin (worn)
Scrolls
 d - a scroll of identify {unknown}
 e - a scroll of teleportation {unknown}
Potions
 g - a potion of might {unknown}


   Skills:
 + Level 3.1 Fighting
 + Level 3.1 Maces & Flails
 + Level 1.8 Armour
 + Level 2.0 Dodging


You had one spell level left.
You didn't know any spells.
Your spell library was empty.

Dungeon Overview and Level Annotations

Branches:
Dungeon (1/15)

Altars:


Innate Abilities, Weirdness & Mutations

You have a pair of small antennae on your head.


Message History

The jackal is almost dead.
The jackal bites you. The jackal misses you. The ball python barely misses you.
The ball python constricts you.
A rat comes into view.
The jackal barely misses you. The jackal bites you.
The jackal barely misses you.
You escape the ball python's grasp.
The jackal attacks as you move away! The jackal barely misses you.
The kobold attacks as you move away! The kobold hits you with a +0 dagger.
The jackal barely misses you. The jackal bites you.
The jackal attacks as you move away! The jackal closely misses you.
The jackal attacks as you move away! The jackal closely misses you.
The jackal attacks as you move away! The jackal bites you.
The kobold attacks as you move away! The kobold misses you.
The jackal bites you but does no damage.
The ball python attacks as you move away!
The ball python bites you.
The jackal bites you but does no damage.
The ball python attacks as you move away!
The ball python misses you. The quokka attacks as you move away!
The quokka bites you but does no damage.
The ball python attacks as you move away!
The ball python barely misses you. x2; The kobold attacks as you move away!
The kobold hits you but does no damage.
Unknown command.
The quokka attacks as you move away! The quokka bites you.
The kobold attacks as you move away! The kobold completely misses you.
The quokka closely misses you. The ball python barely misses you.
The ball python grabs you. The ball python constricts you.
You escape the ball python's grasp.
The quokka attacks as you move away! The quokka closely misses you.
The quokka attacks as you move away! The quokka closely misses you.
You hit the kobold but do no damage. The kobold hits you with a +0 dagger.
The quokka barely misses you. The kobold misses you. The quokka bites you.
* * * LOW HITPOINT WARNING * * *
You closely miss the quokka. The quokka bites you.
* * * LOW HITPOINT WARNING * * *
The kobold hits you with a +0 dagger.
You die...

.#.#.#.........#
...............#
...............#
........K.....##
.......#J....##
....####h.†...#
..## ##Shg...#
.. ##rKh....#
#.@#######
..####..#
........#
..#####.####
#....# ####.####
#.#.. #....###
####...
######...#
...... .##
######........#


You could see an endoplasm, a quokka, 3 jackals, a goblin, a ball python and 2
kobolds.

Vanquished Creatures
  An endoplasm (D:1)
  A giant cockroach (D:1)
  A goblin (D:1)
  A hobgoblin (D:1)
  A quokka (D:1)
  2 frilled lizards (D:1)
  3 kobolds (D:1)
  A rat (D:1)
11 creatures vanquished.

Notes
Turn   | Place    | Note
-------+----------+-------------------------------------------
     0 | D:1      | Cirac the Demonspawn Berserker began the quest for the Orb.
     0 | D:1      | Reached XP level 1. HP: 18/18 MP: 1/1
   244 | D:1      | Gained mutation: You have a pair of small antennae on your
                  | head. [demonic ancestry]
   244 | D:1      | Reached XP level 2. HP: 21/24 MP: 2/2
   346 | D:1      | Slain by a kobold

Illustrated notes

Levels and vault maps discovered:
D:1:      lordsloth_arrival_two_stooges, layout_rooms,
          hangedman_decor_clover_reticule, st_stairs_11, hex_tiny

Skill      XL: |  1  2 |
---------------+-------+-----
Maces & Flails | 3 |  3.1
Dodging        | 2 |  2.0
Fighting       | |  3.1
Armour         | |  1.8

Action                     || total
---------------------------++-------
  Melee: Mace              ||    30
  Throw: Stone             ||     4
 Armour: Animal skin       ||    10
  Dodge: Dodged            ||    43
